 Dungeon Crawl Stone Soup version 0.20.1-1-g8b1a95d (webtiles) character file.

22 dohliylev the Sneak (level 2, -5/22 HPs)
             Began as a Vampire Assassin on Dec 5, 2017.
             Slain by a water moccasin skeleton (6 damage)
             ... on level 1 of the Dungeon.
             The game lasted 00:01:27 (739 turns).

dohliylev the Sneak (Vampire Assassin)               Turns: 739, Time: 00:01:28

Health: -5/22      AC:  3    Str: 10    XL:     2   Next: 68%
Magic:  2/2        EV: 12    Int: 13    God:
Gold:   73         SH:  0    Dex: 15    Spells: 1/1 levels left

rFire    . . .     SeeInvis +   a - +2 dagger
rCold    . . .     Gourm    .   (no shield)
rNeg     + . .     Faith    .   c - +0 robe
rPois    .         Spirit   .   (no helmet)
rElec    .         Reflect  .   d - +0 cloak
rCorr    .         Harm     .   (no gloves)
MR       .....                  (no boots)
Stlth    +++.......             (no amulet)
Regen    0.1/turn               h - ring of loudness (curse)
MPRegen  0.1/turn               (no ring)

@: no status effects
A: fangs 3, see invisible, unbreathing
a: no special abilities


You were on level 1 of the Dungeon.
You were not thirsty.

You visited 1 branch of the dungeon, and saw 1 of its levels.

You collected 73 gold pieces.

Inventory:

Hand Weapons
 a - a +2 dagger (weapon)
 b - a +0 blowgun
Missiles
 e - 8 poisoned needles
 f - 2 curare-tipped needles
Armour
 c - a +0 robe (worn)
 d - a +0 cloak (worn)
Jewellery
 h - a cursed ring of loudness (left hand)
Scrolls
 i - 2 scrolls of teleportation {unknown}
Potions
 g - a potion of blood
 j - a potion of haste {unknown}
 k - a potion of magic {unknown}
 l - a potion of curing {unknown}


   Skills:
 - Level 1.7 Fighting
 - Level 2.1 Short Blades
 - Level 1.5 Throwing
 - Level 1.1 Dodging
 + Level 7.2 Stealth


You had one spell level left.
You didn't know any spells.

Dungeon Overview and Level Annotations

Branches:
Dungeon (1/15)

Altars:


Innate Abilities, Weirdness & Mutations

You have razor-sharp teeth.
You have supernaturally acute eyesight. (SInv)
You can survive without breathing.


Message History

You hit the water moccasin skeleton.
The water moccasin skeleton is lightly damaged.
The water moccasin skeleton bites you.
You hit the water moccasin skeleton.
The water moccasin skeleton is lightly damaged.
The water moccasin skeleton bites you!
You hit the water moccasin skeleton.
The water moccasin skeleton is moderately damaged.
The water moccasin skeleton barely misses you.
You hit the water moccasin skeleton.
The water moccasin skeleton is moderately damaged.
The water moccasin skeleton bites you.
You completely miss the water moccasin skeleton.
The water moccasin skeleton is moderately damaged.
The water moccasin skeleton bites you!
* * * LOW HITPOINT WARNING * * *
You hit the water moccasin skeleton.
The water moccasin skeleton is moderately damaged.
The water moccasin skeleton bites you.
You die...

.# #.# #.....................
.#######.# #......###############
.......#.# ####'#..#.....†.......
.#####.#.######.#..#.############
.......%.#......#..#.# ########.
..####...#.######..#.####.....##.
..#......#.# #....#..+.....'..
..#......#.#######...#.##.....##.
..#.#...†.......@Z...#.##.....##.
#.#...).#..######....#.##.....##.
..###..##.......#....#'##.....##.
#####.......#...#..#..........##.
................#..#..........##.
#####.####.#.##.#..#..........##.
# #..[......>....#..........##.
##########.##.###..#..........##.
........##.##.#....#.....#######.


You could see a water moccasin skeleton.

Vanquished Creatures
  2 dart slugs (D:1)
  2 leopard geckos (D:1)
  2 goblins (D:1)
  3 hobgoblins (D:1)
  3 bats (D:1)
  A kobold (D:1)
  3 rats (D:1)
  A fungus (D:1)
17 creatures vanquished.

Notes
Turn   | Place    | Note
-------+----------+-------------------------------------------
     0 | D:1      | dohliylev the Vampire Assassin began the quest for the Orb.
     0 | D:1      | Reached XP level 1. HP: 16/16 MP: 1/1
    20 | D:1      | Reached skill level 6 in Stealth
   159 | D:1      | Reached XP level 2. HP: 22/22 MP: 2/2
   542 | D:1      | Reached skill level 7 in Stealth
   738 | D:1      | HP: 1/22 [water moccasin skeleton (7)]
   739 | D:1      | Slain by a water moccasin skeleton

Skill      XL: |  1  2 |
---------------+-------+-----
Stealth        | 6 7 |  7.2
Fighting       | |  1.7
Short Blades   | |  2.1
Throwing       | |  1.5
Dodging        | |  1.1

Action                   || total
-------------------------++-------
Melee: Dagger            ||    64
       Bite              ||     9
 Fire: Blowgun           ||     4
 Stab: Sleeping          ||     5
  Eat: Corpse            ||     3
Armor: Robe              ||     7
Dodge: Dodged            ||    11
